 Dungeon Crawl Stone Soup version 0.19.0-11-g3fc08b3 (webtiles) character file.

123 inmateoo the Cudgeler (level 5, 0/50 HPs)
             Began as an Ogre Wanderer on Nov 8, 2016.
             Killed from afar by an orc wizard (8 damage)
             ... with a puff of flame
             ... on level 4 of the Dungeon.
             The game lasted 00:03:53 (4067 turns).

inmateoo the Cudgeler (Ogre Wanderer)               Turns: 4067, Time: 00:03:54

Health: 0/50       AC:  3    Str: 17 (18) XL:     5   Next: 7%
Magic:  8/8        EV: 14    Int: 15 (17) God:
Gold:   142        SH:  0    Dex: 15 (16) Spells: 1 memorised, 7 levels left

rFire  . . .     SeeInvis .     v - +1 short sword (venom)
rCold  . . .     Gourm    +     e - +0 robe
rNeg   . . .     Faith    .     (no shield)
rPois  +         Spirit   .     (helmet restricted)
rElec  .         Reflect  .     (no cloak)
rCorr  .         Harm     .     (gloves unavailable)
MR     .....                    (boots unavailable)
Stlth  +++.......               m - amulet of the gourmand
                                y - ring of poison resistance
                                u - +3 ring of dexterity

@: brilliant, agile, flying
A: unfitting armour, tough skin 1
a: no special abilities


You were on level 4 of the Dungeon.
You were hungry.

You visited 1 branch of the dungeon, and saw 4 of its levels.

You collected 142 gold pieces.

Inventory:

Hand Weapons
 j - a +0 club
 v - a +1 short sword of venom (weapon)
Armour
 e - a +0 robe (worn)
Jewellery
 m - an amulet of the gourmand (around neck)
 u - a +3 ring of dexterity (left hand)
 y - a ring of poison resistance (right hand)
Wands
 t - a wand of lightning (10/15)
Scrolls
 b - a scroll of blinking
 g - a scroll of amnesia {unknown}
 l - a scroll of noise {unknown}
 n - a scroll of enchant weapon {unknown}
 o - a scroll of remove curse {unknown}
 p - a scroll of magic mapping {unknown}
 w - a scroll of fog {unknown}
 B - a scroll of enchant armour {unknown}
Potions
 h - a potion of agility
 k - a potion of haste {unknown}
 z - 2 potions of flight
Books
 c - Zaturhin's Papyrus of the Glacier

   Spells                             Type                      Level
   a - Freeze                         Ice                          1
   b - Ozocubu's Armour               Charms/Ice                   3
 d - Cuocliow's Guide on Fire

   Spells                             Type                      Level
   a - Flame Tongue                   Conjuration/Fire             1
   b - Conjure Flame                  Conjuration/Fire             3
Comestibles
 f - 5 bread rations
 s - a meat ration


   Skills:
 - Level 2.5 Fighting
 * Level 6.3 Maces & Flails
 - Level 1.4 Stealth
 - Level 2.4 Spellcasting
   Level 2.1 Fire Magic


You had 7 spell levels left.
You knew the following spells:

 Your Spells              Type           Power        Failure   Level  Hunger
a - Freeze                Ice            ##..         2%          1    #......


Dungeon Overview and Level Annotations

Branches:
Dungeon (4/15)
 Temple: D:4-7

Altars:
Kikubaaqudgha
Xom

Annotations:
D:2 1 runed door


Innate Abilities, Weirdness & Mutations

You are too large for most types of armour.
You have tough skin. (AC +1)


Message History

The orc priest invokes the aid of Beogh against you.
Beogh smites you!
* * * LOW HITPOINT WARNING * * *
It was a potion of degeneration.
There was something very wrong with that liquid.
You feel weakened.
You feel dopey.
You feel clumsy. The orc wizard closely misses you.
The orc priest closely misses you.
It was a potion of brilliance.
You feel clever all of a sudden.
The orc wizard points at you and mumbles some strange words.
The magic dart hits you!
* * * LOW HITPOINT WARNING * * *
It was a potion of curing.
You feel better.
The orc priest invokes the aid of Beogh against you.
Beogh smites you!
* * * LOW HITPOINT WARNING * * *
The orc wizard misses you.
The orc wizard points at you and mumbles some strange words.
The puff of flame hits you!
You die...

##..#### ##.# #.# #.# #
#.# ###.#
....##############
.#.......#.......#
_..#####.#.#####@######
.#.#####.#.##oo...$....#
.#.#.......##.##.#####.#
...#..#..#..)....#
##.#..#..#.##.####
#............#
#.......#.####
#.#..##.#.# #.#.......#


You could see an orc priest and an orc wizard.

Vanquished Creatures
  A bullfrog skeleton (D:4)
  2 worker ants (D:4)
  A worm (D:2)
  A dart slug (D:3)
  A leopard gecko (D:1)
  2 orcs (D:4)
  6 goblins
  6 hobgoblins
  A quokka (D:3)
  10 bats
  2 frilled lizards (D:1)
  4 kobolds
  7 rats
44 creatures vanquished.

Notes
Turn   | Place    | Note
-------+----------+-------------------------------------------
     0 | D:1      | inmateoo the Ogre Wanderer began the quest for the Orb.
     0 | D:1      | inmateoo set off with: a +2 dagger, a scroll of blinking, Zaturhin's Papyrus of the Glacier, Cuocliow's Guide on Fire, a +0 robe, a bread ration
     0 | D:1      | Reached XP level 1. HP: 19/19 MP: 3/3
     0 | D:1      | Identified Zaturhin's Papyrus of the Glacier
     0 | D:1      | Identified Cuocliow's Guide on Fire
     2 | D:1      | Learned a level 1 spell: Freeze
   101 | D:1      | You fall through a shaft!
   399 | D:2      | Found an ancient bone altar of Kikubaaqudgha.
   503 | D:2      | Found a runed door.
   847 | D:1      | Reached XP level 2. HP: 29/29 MP: 5/5
   891 | D:1      | Reached skill level 3 in Maces & Flails
  1884 | D:1      | Reached XP level 3. HP: 36/36 MP: 6/6
  2008 | D:2      | Reached skill level 4 in Maces & Flails
  3606 | D:4      | Found a shimmering altar of Xom.
  3608 | D:4      | Reached skill level 5 in Maces & Flails
  3608 | D:4      | Reached XP level 4. HP: 40/44 MP: 7/7
  3995 | D:4      | Reached skill level 6 in Maces & Flails
  3995 | D:4      | Reached XP level 5. HP: 41/50 MP: 8/8
  4067 | D:4      | Killed from afar by an orc wizard

Skill      XL: |  1  2  3  4 |
---------------+-------------+-----
Fighting       | 2 |  2.5
Maces & Flails | 3 5 6 |  6.3
Stealth        | |  1.4
Spellcasting   | |  2.4
Fire Magic     | |  2.1

Action                   |  1- 3 |  4- 6 || total
-------------------------+-------+-------++-------
Melee: Dagger            |   130 |       ||   130
       Short sword       |    37 |    18 ||    55
  Use: Scroll            |     3 |       ||     3
       Potion            |       |     7 ||     7
 Stab: Sleeping          |     3 |     1 ||     4
       Invisible         |       |     1 ||     1
  Eat: Chunk             |     8 |       ||     8
       Beef jerky        |       |     1 ||     1
Armor: Robe              |    71 |     2 ||    73
Dodge: Dodged            |    90 |    13 ||   103
